AoeStats
← Runxi24

Pilgrims

508822868Analyzed
4v4 RM · 8d ago on Sep 24, 2026· 54m 1s· 8 players
Game mode
Random Map
Map size
Large (8 player)
Population
200
Speed
Normal
Resources
Standard
Victory
Conquest
Starting age
Dark Age
Ending age
Imperial Age
RankedLock teamsTeams togetherTeam positionsShared explorationLock speedFull tech treeHidden civsTurbo modeCheats
Victory
Defeat
🇨🇷 Vikings · Costa Rica
1246
+14
🇪🇸 Poles · Spain
1224
+15
🇺🇸 Malians · United States
1203
+16
🇧🇪 Varangians · Belgium
1170
+17
🇨🇳 Vikings · China
1260
-17
🇦🇺 Varangians · Australia
1200
-16
🇻🇳 Danes · Vietnam
1186
-15
🇺🇸 Saxons · United States
1165
-14
sakuzi
9:44 Loom
12:05 Feudal Age
13:12 Double-Bit Axe
16:19 Castle Age
24:05 Forging
25:35 Tigui
29:04 Bow Saw
33:00 Imperial Age
32:15 Scale Mail Armor
32:51 Iron Casting
36:34 Chain Mail Armor
43:55 Plate Mail Armor
46:23 Squires
47:56 Conscription
48:04 Conscription
47:19 Elite Gbeto
Heretic Prophet
6:15 Loom
12:49 Feudal Age
13:38 Double-Bit Axe
19:01 Town Watch
21:18 Castle Age
19:28 Gold Mining
19:31 Stone Mining
21:54 Fletching
22:21 Medium Warships
23:05 Bow Saw
25:05 Fishing Lines
25:25 Bodkin Arrow
27:50 Gillnets
34:17 Clinker Construction
36:04 Ballistics
38:40 Imperial Age
36:50 Wheelbarrow
36:37 Scale Mail Armor
36:47 Forging
36:40 Squires
41:03 Scale Barding Armor
41:33 Iron Casting
41:00 Bracer
40:32 Capped Ram
43:20 Elite Jarl
44:32 Elite Longship
45:46 Horse Collar
46:31 Chain Barding Armor
47:12 Blast Furnace
47:37 Conscription
48:37 Bloodlines
48:27 Husbandry
49:06 Plate Barding Armor
48:52 Heavy Plow
48:33 Vendel Legacy
51:54 Hand Cart
51:43 Cavalier
seantairs
4:46 Loom
12:35 Feudal Age
17:22 Castle Age
15:41 Double-Bit Axe
17:15 Fletching
18:11 Crossbowman
22:43 Bodkin Arrow
25:07 Padded Archer Armor
25:32 Bow Saw
27:39 Ballistics
28:57 Leather Archer Armor
33:01 Scale Mail Armor
35:33 Horse Collar
41:08 Imperial Age
38:49 Elite Skirmisher
41:25 Arbalester
43:10 Bracer
43:42 Ring Archer Armor
46:16 Heavy Plow
48:47 Chain Mail Armor
Runxi24
9:27 Loom
12:05 Feudal Age
13:16 Double-Bit Axe
18:23 Castle Age
22:08 Fletching
23:06 Horse Collar
23:57 Bow Saw
26:38 Bodkin Arrow
27:25 Szlachta Privileges
29:06 Bloodlines
29:58 Husbandry
31:00 Scale Barding Armor
31:44 Heavy Plow
34:52 Imperial Age
33:58 Chain Barding Armor
33:49 Forging
36:06 Iron Casting
35:30 Cavalier
37:09 Wheelbarrow
36:20 Town Watch
38:49 Coinage
39:18 Crop Rotation
40:36 Blast Furnace
40:19 Hand Cart
40:44 Conscription
49:08 Gold Mining
52:31 Caravan
rambo
7:26 Loom
13:59 Feudal Age
16:56 Double-Bit Axe
17:03 Gold Mining
23:49 Castle Age
22:14 Stone Mining
28:53 Castle Age
27:38 Scale Mail Armor
27:49 Forging
30:14 Bloodlines
36:12 Crossbowman
37:30 Fletching
37:41 Padded Archer Armor
39:23 Thumb Ring
45:34 Wheelbarrow
45:20 Bodkin Arrow
49:17 Gold Shaft Mining
48:19 Pikeman
49:53 Light Cavalry
53:19 Bow Saw
我大E了,没有闪
2:57 Loom
12:22 Feudal Age
19:12 Fishing Lines
22:21 Castle Age
20:19 Fletching
21:51 Double-Bit Axe
25:39 Gillnets
26:36 Bodkin Arrow
29:06 Bow Saw
37:59 Careening
38:03 Clinker Construction
38:16 Ballistics
38:12 Town Watch
42:21 Imperial Age
44:18 Two-Man Saw
48:46 Gold Mining
ChrispyPork
14:19 Feudal Age
12:36 Loom
16:23 Forging
18:20 Castle Age
16:15 Stone Mining
16:57 Double-Bit Axe
18:17 Fletching
20:02 Medium Warships
20:13 Bodkin Arrow
20:56 Iron Casting
23:13 Wheelbarrow
22:23 Town Watch
25:35 Ballistics
25:26 Bodkin Arrow
26:38 Fishing Lines
28:28 Bow Saw
28:10 Gold Mining
28:55 Stone Shaft Mining
28:42 Horse Collar
29:27 Clinker Construction
29:34 Careening
30:11 Heavy Plow
30:58 Gillnets
31:17 Siphons
35:29 Imperial Age
34:15 Scale Barding Armor
34:45 Hand Cart
35:37 Masonry
37:38 Bracer
37:02 Elite Longship
38:08 Heavy Warships
38:11 Dry Dock
38:12 Carvel Hull
38:55 Chemistry
38:58 Conscription
40:30 Blast Furnace
39:50 Chain Barding Armor
39:32 Scale Mail Armor
39:32 Padded Archer Armor
40:10 Chain Barding Armor
39:51 Scale Mail Armor
39:51 Padded Archer Armor
40:08 Bloodlines
39:59 Husbandry
40:15 Vendel Legacy
40:18 Cavalier
42:01 Plate Barding Armor
41:26 Scale Mail Armor
43:26 Siege Engineers
43:41 Shipwright
43:53 Architecture
43:35 Fortified Wall
43:07 Treadmill Crane
45:39 Light Cavalry
46:45 Hussar
49:38 Gothikon
51:09 Heated Shot
54:12 Leather Archer Armor
datdzvcl
6:44 Loom
8:23 Loom
11:02 Feudal Age
11:38 Double-Bit Axe
11:52 Fishing Lines
14:34 Wheelbarrow
18:00 Castle Age
16:23 Forging
16:32 Horse Collar
18:56 Scale Mail Armor
19:13 Bow Saw
20:20 Heavy Plow
20:25 Gambesons
20:40 Squires
23:22 Arson
25:38 Hand Cart
25:55 Gold Mining
27:22 Town Watch
31:11 Imperial Age
29:46 Iron Casting
31:49 Fletching
32:41 Bodkin Arrow
32:08 Heavy Mounted Crossbowman
32:08 Cranequins
33:50 Town Patrol
35:57 Bracer
36:11 Bloodlines
36:01 Husbandry
37:05 Gold Shaft Mining
36:22 Stone Mining
37:51 Chemistry
37:12 Ballistics
37:47 Thumb Ring
37:48 Pikeman
38:52 Chain Mail Armor
39:57 Padded Archer Armor
39:56 Halberdier
41:12 Plate Mail Armor
41:55 Elite Varangian Guard
44:42 Elite Skirmisher
45:44 Leather Archer Armor
48:34 Ring Archer Armor
50:29 Blast Furnace
51:28 Hamask
52:50 Conscription
Connection lost

Rejoining the realm…

Still unreachable

The connection could not be restored.

Session expired

The server has moved on; the page needs a fresh start.